cohdb
Replays
Latest Replays
All Replays
Popular Replays
Top Player Replays
Match Explorer
How It Works
Community
CoH3 Stats
Reddit
Sign in to upload your games and track your stats! →
Sign in with Steam
Match 41137114
Unlisted
Match 41137114
Overview
Messages
Build Orders
End
Pioneer Squad
Construct Infanterie Kompanie
Grenadier Squad
Grenadier Squad
Grenadier Squad
Infanterie Officer Quarters
Selects Terror Battlegroup
Selects Terror Battlegroup
Selects Machine Gun Camouflage
MG 42 Machine Gun Team
Selects Contempt for the Weak
Construct Luftwaffe Kompanie
221 Scout Car
Medical Bunker
Selects No Quarter
Jäger Squad
Support Elements
Jäger Squad
Pioneer Squad
Wirbelwind Flakpanzer
Construct Panzergrenadier Kompanie
( _ )
『BlackBear』
0
0
Comments
sign in to comment!
No comments posted yet!